 Dungeon Crawl Stone Soup version 0.25-a0-308-geac79542e2 (webtiles) character file.

Game seed: 16862226610286229589, levelgen mode: deterministic

78097 RedPan the Brawler (level 15, -12/136 HPs)
             Began as a Troll Monk on Dec 22, 2019.
             Was a High Priest of Okawaru.
             Mangled by Frances
             ... wielding a +2 glaive of freezing
              (25 damage)
             ... on level 14 of the Dungeon.
             The game lasted 00:46:38 (20723 turns).

RedPan the Brawler (Troll Monk)                    Turns: 20723, Time: 00:46:39

Health: -12/136    AC: 12    Str: 27 (28) XL:     15   Next: 17%
Magic:  17/19      EV: 18    Int: 12      God:    Okawaru [*****.]
Gold:   1887       SH: 24    Dex: 11 (12) Spells: 14/14 levels left

rFire    + + .     SeeInvis .     - Unarmed
rCold    . . .     Gourm    +   W - +0 large shield
rNeg     . . .     Faith    .   g - +1 robe "Beran" {rF++ MR++}
rPois    +         Spirit   .   A - +1 hat of Xaihutwatad {Int+6 Slay+4}
rElec    .         Reflect  +   z - scarf {repulsion}
rCorr    .         Harm     .   (gloves unavailable)
MR       +++..                  (boots unavailable)
Stlth    +++.......             a - +3 amulet of reflection
HPRegen  0.72/turn              i - +2 ring of evasion
MPRegen  0.16/turn              H - ring of poison resistance

@: heroism, lightly drained, repel missiles
A: large, unfitting armour, claws 3, fangs 1, icy blue scales 1, rugged brown
scales 1, deterioration 1, fast metabolism 3, gourmand, regeneration 1, shaggy
fur 1, tough skin 3
a: Heroism, Finesse, Renounce Religion


You were on level 14 of the Dungeon.
You worshipped Okawaru.
Okawaru was extremely pleased with you.
You were very full.

You visited 2 branches of the dungeon, and saw 20 of its levels.

You collected 1887 gold pieces.

Inventory:

Missiles
 r - 13 javelins (quivered)
 D - 3 boomerangs of dispersal
 T - 14 silver boomerangs
Armour
 g - the +1 robe "Beran" (worn) {rF++ MR++}
   (Okawaru gifted it to you on level 9 of the Dungeon)

   It greatly protects you from fire.
   It affects your resistance to hostile enchantments.
 z - a scarf of repulsion (worn)
 A - the +1 hat of Xaihutwatad (worn) {Int+6 Slay+4}
   (Okawaru gifted it to you on level 10 of the Dungeon)

   It affects your intelligence (+6).
   It affects your accuracy and damage with ranged weapons and melee attacks
   (+4).
 B - a +2 cloak
 E - a +0 shield
 W - a +0 large shield (worn)
Jewellery
 a - a +3 amulet of reflection (around neck)
 h - an uncursed ring of flight
 i - a +2 ring of evasion (left claw)
 m - an uncursed ring of stealth
 n - an uncursed ring of resist corrosion
 H - a ring of poison resistance (right claw)
 Q - an uncursed ring of wizardry
 R - an uncursed ring of ice
 U - an uncursed ring of protection from cold
Wands
 o - a wand of acid (4)
 p - a wand of polymorph (14)
 w - a wand of random effects (16)
 y - a wand of digging (4)
 C - a wand of flame (83)
 G - a wand of iceblast (10)
 N - a wand of disintegration (14)
 S - a wand of enslavement (10)
Scrolls
 k - 6 scrolls of teleportation
 s - 9 scrolls of remove curse
 u - 5 scrolls of magic mapping
 x - a scroll of enchant armour
 F - 3 scrolls of fog
 I - 3 scrolls of enchant weapon
 L - 2 scrolls of blinking
 O - 3 scrolls of amnesia
 P - 3 scrolls of fear
 V - 2 scrolls of identify
Potions
 c - 4 potions of flight
 d - a potion of lignification
 e - 8 potions of curing
 f - 2 potions of might
 j - 3 potions of brilliance
 l - 3 potions of resistance
 t - 3 potions of haste
 v - 4 potions of ambrosia
 J - a potion of heal wounds
 K - a potion of agility
 M - a potion of cancellation
Comestibles
 b - 46 rations
 q - 3 chunks of flesh


   Skills:
 - Level 5.0(9.6) Fighting
 - Level 7.1(11.7) Throwing
 + Level 6.8(11.3) Armour
 - Level 9.0(13.5) Dodging
 - Level 1.0(5.6) Stealth
 + Level 11.3(15.8) Shields
 + Level 15.8(20.2) Unarmed Combat
 - Level 7.0(6.6) Invocations


You had 14 spell levels left.
You didn't know any spells.
Your spell library contained the following spells:

 Spells                   Type           Power        Failure   Level  Hunger
 Animate Skeleton         Necr           N/A          32%         1    ##.....
 Apportation              Tloc           #.....       32%         1    ##.....
 Confusing Touch          Hex            #.....       32%         1    ##.....
 Corona                   Hex            #......      32%         1    ##.....
 Foxfire                  Conj/Fire      #...         32%         1    ##.....
 Freeze                   Ice            #...         32%         1    ##.....
 Magic Dart               Conj           #...         32%         1    ##.....
 Summon Butterflies       Summ           #.......     32%         1    ##.....
 Summon Small Mammal      Summ           #...         32%         1    ##.....
 Blink                    Tloc           N/A          45%         2    ###....
 Call Imp                 Summ           #.......     45%         2    ###....
 Shroud of Golubria       Chrm/Tloc      #.....       45%         2    ###....
 Slow                     Hex            #.......     45%         2    ###....
 Conjure Flame            Conj/Fire      #.......     69%         3    ####...
 Gell's Gravitas          Tloc           #.........   69%         3    ####...
 Inner Flame              Hex/Fire       #.......     69%         3    ####...
 Lesser Beckoning         Tloc           #.........   69%         3    ####...
 Mephitic Cloud           Conj/Pois/Air  #.......     69%         3    ####...
 Portal Projectile        Hex/Tloc       #.....       69%         3    ####...
 Teleport Other           Tloc           #.......     69%         3    ####...
 Tukima's Dance           Hex            #.......     69%         3    ####...
 Cause Fear               Hex            #.........   97%         4    #####..
 Leda's Liquefaction      Hex/Erth       #.........   97%         4    #####..
 Passage of Golubria      Tloc           N/A          97%         4    #####..
 Sticky Flame             Conj/Fire      #.......     97%         4    #####..
 Alistair's Intoxication  Tmut/Pois      #.......     100%        5    ######.
 Fireball                 Conj/Fire      #.........   100%        5    ######.
 Dispersal                Tloc           #.........   100%        6    #######
 Invisibility             Hex            #.......     100%        6    #######
 Controlled Blink         Tloc           N/A          100%        8    #######
 Disjunction              Tloc           #.........   100%        8    #######


Dungeon Overview and Level Annotations

Branches:
Dungeon (14/15)            Temple (0/1) D:7            Lair (6/6) D:9
 Shoals (0/4) Lair:4        Snake (0/4) Lair:4        Slime (0/5) Lair:6
    Orc (0/2) D:10         Vaults (0/5) D:13

Altars:
Ashenzari
Dithmenos
Gozag
Kikubaaqudgha
Makhleb
Okawaru
Qazlal
Sif Muna
Trog
Uskayaw
Xom
Zin
Jiyva

Shops:
D:7 :   D:12 [

Portals:
Hell: Lair:6
Trove: D:11 (give +2 shadow dragon scales)

Annotations:
D:14 3 runed translucent doors, Frances; Volibb's ghost, journeyman HONe
Lair:5 exclusion: 4 oklob plants
Lair:6 3 runed translucent doors, Tiraropn's ghost, journeyman DrFE


Innate Abilities, Weirdness & Mutations

You are too large for most types of armour.
You have claws for hands.
Your metabolism is lightning-fast.
You like to eat raw meat.
Your natural rate of healing is unusually fast.
You are covered in fur. (AC +1)
You have extremely tough skin. (AC +3)
You have very sharp teeth.
You are partially covered in icy blue scales. (AC +2)
You are partially covered in rugged brown scales. (AC +1, +3% HP)
Your body sometimes deteriorates upon taking damage.


Message History

The hippogriff closely misses you. The hippogriff misses you.
You gain the combat prowess of a mighty hero.
Frances hits you with a +2 glaive of freezing!
* * * LOW HITPOINT WARNING * * *
Your body deteriorates!
You feel weakened. Frances freezes you.
* * * LOW HITPOINT WARNING * * *
You block the soul eater's attack. You block the hippogriff's attack.
The hippogriff barely misses you. You block the hippogriff's attack.
You barely miss Frances.
Frances is almost dead.
Frances barely misses you. You block the soul eater's attack.
Unknown command.
You barely miss Frances.
Frances is almost dead.
The hippogriff bites you!
* * * LOW HITPOINT WARNING * * *
You block the hippogriff's attack. x2
Frances hits you with a +2 glaive of freezing!!
You die...

...... ..... .... ... ..
####### ##.## #......
#.H@# #.##### #.3@# #>#
#...# ####.#####
####...##### #.......##
............###..#..#.##
................#.......
..........<.###.....#.##
############# #..#..#.#.
##.....#.## #.........##


You could see Frances, a soul eater and a hippogriff.

Vanquished Creatures
  A tengu reaver (D:13)
  Louise (D:14)
  A very ugly thing (D:10)
  An ironheart preserver (D:13)
  A rakshasa (D:13)
  8 hydras
  2 centaur warriors (D:13)
  3 two-headed ogres
  5 death yaks
  Nergalle (D:11)
  A hell knight (D:13)
  A sixfirhy (Lair:6)
  Pikel (D:8)
  A flayed ghost (D:13)
  3 wizards
  An oklob plant (Lair:4)
  7 ugly things
  A deep elf mage (D:13)
  A manticore (Lair:4)
  11 elephants
  9 black mambas
  Maurice (D:10)
  6 spiny frogs
  Psyche (D:7)
  A gargoyle (D:12)
  4 orange demons (Lair:6)
  4 centaur skeletons
  11 komodo dragons
  A tengu conjurer (D:13)
  A kobold demonologist (D:13)
  5 rime drakes
  An efreet (D:13)
  An ice devil (Lair:6)
  A hellwing (Lair:6)
  8 trolls
  A harpy zombie (D:13)
  3 polar bears (Lair:6)
  3 hornets
  5 slime creatures (D:8)
  Grinder (D:5)
  Prince Ribbit (D:8)
  7 dream sheep
  8 hippogriffs
  9 blink frogs
  A centaur simulacrum (D:13)
  4 water elementals (D:13)
  6 wraiths
  74 yaks
  6 basilisks
  2 vampire mosquitoes (D:11)
  A hungry ghost (D:8)
  A naga (Lair:4)
  18 water moccasins
  4 hell hounds (Lair:6)
  9 porcupines
  3 sky beasts
  An eye of draining (D:13)
  6 orc warriors
  A necrophage (D:9)
  2 ice beasts (D:6)
  An eye of draining (shapeshifter) (D:14)
  4 phantoms
  8 ogres
  4 wolves (Lair:3)
  11 centaurs
  18 crocodiles
  3 big kobolds
  A gnoll sergeant (D:8)
  11 bullfrogs
  A wyvern zombie (D:13)
  6 scorpions
  2 water moccasin skeletons
  3 killer bees (D:10)
  4 electric eels (D:13)
  14 wights
  A howler monkey (D:11)
  4 centaur zombies
  2 bullfrog zombies
  8 crimson imps
  5 hounds
  A quasit (D:11)
  A bullfrog skeleton (D:7)
  A jelly (D:6)
  13 orc priests
  18 orc wizards
  8 iguanas
  Ijyb (D:3)
  6 worker ants
  A hound zombie (D:2)
  A hound skeleton (D:9)
  5 worker ant zombies
  2 howler monkey zombies (D:5)
  12 gnolls
  5 adders
  2 howler monkey skeletons (D:6)
  4 shadow imps
  5 oozes
  4 adder zombies
  3 adder skeletons
  5 worms
  4 dart slugs
  6 leopard geckos
  43 orcs
  10 bats
  4 bat zombies (D:5)
  5 giant cockroaches
  8 goblins
  10 hobgoblins
  8 jackals
  4 quokkas
  2 ball pythons
  2 frilled lizards (D:1)
  A giant cockroach zombie (D:5)
  A jackal zombie (D:5)
  18 kobolds
  A leopard gecko skeleton (D:5)
  2 leopard gecko zombies (D:5)
  2 quokka zombies
  10 rats
  A plant (Lair:4)
635 creatures vanquished.

Vanquished Creatures (others)
  Fannar (D:11)
  A slave (D:8)
  A centaur (D:12)
  A crimson imp (D:8)
  An adder (D:8)
  An orc (D:4)
  2 kobolds
  3 bushes (D:9)
  13 fungi
  24 plants
48 creatures vanquished.

Grand Total: 683 creatures vanquished

Notes
Turn   | Place    | Note
-------+----------+-------------------------------------------
     0 | D:1      | RedPan the Troll Monk began the quest for the Orb.
     0 | D:1      | Reached XP level 1. HP: 22/22 MP: 0/0
   177 | D:1      | Reached XP level 2. HP: 27/29 MP: 1/1
   481 | D:2      | Found a shadowy altar of Dithmenos.
   488 | D:2      | Noticed a +0 dagger
   488 | D:2      | Noticed a +0 dagger
   508 | D:2      | Reached XP level 3. HP: 22/36 MP: 2/2
   588 | D:2      | Reached skill level 4 in Unarmed Combat
   618 | D:2      | Found a hide-covered altar of Uskayaw.
   622 | D:2      | Reached XP level 4. HP: 44/44 MP: 3/3
   837 | D:2      | Found a stormy altar of Qazlal.
   914 | D:2      | Noticed a moth of wrath
   917 | D:2      | Found a bloodstained altar of Trog.
  1111 | D:3      | Reached skill level 5 in Unarmed Combat
  1111 | D:3      | Reached XP level 5. HP: 49/53 MP: 4/4
  1539 | D:3      | Found an iron altar of Okawaru.
  1562 | D:3      | Reached skill level 6 in Unarmed Combat
  1562 | D:3      | Reached XP level 6. HP: 47/61 MP: 5/5
  1578 | D:3      | Became a worshipper of Warmaster Okawaru
  1578 | D:3      | Reached * piety under Okawaru
  1578 | D:3      | Reached ** piety under Okawaru
  1765 | D:3      | Noticed Ijyb
  1770 | D:3      | Killed Ijyb
  1984 | D:3      | Reached skill level 1 in Invocations
  1997 | D:3      | Found a shimmering blue altar of Sif Muna.
  2067 | D:3      | Identified Sif Muna's Tome of the Snowflakes
  2702 | D:4      | Reached skill level 7 in Unarmed Combat
  2730 | D:4      | Reached XP level 7. HP: 43/67 MP: 7/7
  3156 | D:5      | Entered Level 5 of the Dungeon
  3251 | D:5      | Noticed Grinder
  3253 | D:5      | Paralysed by Grinder for 3 turns
  3260 | D:5      | Killed Grinder
  3260 | D:5      | Reached skill level 8 in Unarmed Combat
  3387 | D:5      | Reached XP level 8. HP: 68/75 MP: 9/9
  3393 | D:5      | Reached *** piety under Okawaru
  3566 | D:5      | Reached skill level 9 in Unarmed Combat
  3700 | D:5      | Found an ancient bone altar of Kikubaaqudgha.
  4201 | D:6      | Reached skill level 10 in Unarmed Combat
  4206 | D:6      | Reached skill level 5 in Invocations
  4411 | D:6      | Reached **** piety under Okawaru
  4558 | D:6      | Reached XP level 9. HP: 81/81 MP: 11/11
  5164 | D:7      | Found a staircase to the Ecumenical Temple.
  5236 | D:7      | Found a glowing silver altar of Zin.
  5381 | D:7      | Found Emeuxzug's Book Boutique.
  5420 | D:7      | Reached skill level 11 in Unarmed Combat
  5758 | D:7      | Reached ***** piety under Okawaru
  5874 | D:7      | Found the +5 scythe "Finisher" {speed, eviscerate}
  5993 | D:7      | Noticed a troll
  5999 | D:7      | Killed a troll
  5999 | D:7      | Reached skill level 12 in Unarmed Combat
  6098 | D:7      | Reached XP level 10. HP: 75/91 MP: 14/14
  6404 | D:8      | Noticed Psyche
  6425 | D:7      | Killed Psyche
  6515 | D:8      | Noticed Pikel
  6522 | D:8      | Killed Pikel
  6522 | D:8      | Received a gift from Okawaru
  6522 | D:8      | Reached skill level 1 in Armour
  6523 | D:8      | Found the +6 arbalest "Damnation" {damnation}
  6676 | D:8      | Noticed a two-headed ogre
  6686 | D:8      | Killed a two-headed ogre
  6686 | D:8      | Reached skill level 13 in Unarmed Combat
  6746 | D:8      | Noticed Prince Ribbit
  6754 | D:8      | Killed Prince Ribbit
  7028 | D:8      | Found an opulent altar of Gozag.
  7206 | D:9      | Found a shimmering altar of Xom.
  7251 | D:9      | Reached XP level 11. HP: 69/97 MP: 15/15
  7384 | D:9      | Reached skill level 1 in Shields
  7465 | D:9      | Found a staircase to the Lair.
  7497 | D:9      | Reached ****** piety under Okawaru
  7667 | D:9      | Received a gift from Okawaru
  7672 | D:9      | Got an ichor-stained robe {god gift}
  7683 | D:9      | Identified the +1 robe "Beran" {rF++ MR++} (Okawaru gifted
                  | it to you on level 9 of the Dungeon)
  7741 | D:9      | Reached skill level 5 in Dodging
  7755 | D:9      | Reached skill level 14 in Unarmed Combat
  8295 | D:10     | Entered Level 10 of the Dungeon
  8573 | D:10     | Found a shattered altar of Ashenzari.
  8576 | D:10     | Found a staircase to the Orcish Mines.
  8656 | D:10     | Reached skill level 5 in Shields
  8743 | D:10     | Noticed a white ugly thing
  8744 | D:10     | Noticed a brown ugly thing
  8764 | D:10     | Killed a white ugly thing
  8952 | D:10     | Noticed a green ugly thing
  8953 | D:10     | Noticed a cyan ugly thing
  8977 | D:10     | Killed a brown ugly thing
  8980 | D:10     | Noticed a green ugly thing
  8987 | D:10     | Killed a purple ugly thing
  8996 | D:10     | Killed a cyan ugly thing
  8996 | D:10     | Received a gift from Okawaru
  8996 | D:10     | Reached XP level 12. HP: 68/105 MP: 10/16
  9005 | D:10     | Got a faintly humming hat {god gift}
  9011 | D:10     | Identified the +1 hat of Xaihutwatad {Int+6 Slay+4}
                  | (Okawaru gifted it to you on level 10 of the Dungeon)
  9341 | D:10     | Noticed a brown very ugly thing
  9409 | D:10     | Killed a brown very ugly thing
  9656 | D:10     | Noticed Maurice
  9667 | D:10     | Killed Maurice
  9884 | Lair:1   | Entered Level 1 of the Lair of Beasts
 11230 | Lair:2   | Noticed a four-headed hydra
 11356 | Lair:2   | Received a gift from Okawaru
 11913 | Lair:2   | Killed a seven-headed hydra
 11913 | Lair:2   | Reached XP level 13. HP: 113/113 MP: 14/17
 13153 | Lair:4   | Found a staircase to the Snake Pit.
 13263 | Lair:4   | Found a staircase to the Shoals.
 13608 | Lair:4   | Found the +8 trident of the Octopus King {venom, rElec
                  | rPois MR+}
 13620 | Lair:4   | Reached skill level 5 in Fighting
 14270 | Lair:5   | Reached skill level 1 in Throwing
 14416 | Lair:5   | Received a gift from Okawaru
 14743 | Lair:5   | Gained mutation: You have very sharp teeth. [potion of
                  | mutation]
 14743 | Lair:5   | Gained mutation: Your body sometimes deteriorates upon
                  | taking damage. [potion of mutation]
 14743 | Lair:5   | Gained mutation: You are partially covered in rugged brown
                  | scales. (AC +1, +3% HP) [potion of mutation]
 14743 | Lair:5   | Gained mutation: You are partially covered in icy blue
                  | scales. (AC +2) [potion of mutation]
 14778 | Lair:6   | Entered Level 6 of the Lair of Beasts
 14778 | Lair:6   | Found a runed translucent gate.
 14793 | Lair:5   | Reached skill level 10 in Shields
 15316 | Lair:6   | Found a viscous altar of Jiyva.
 15316 | Lair:6   | Found a staircase to the Slime Pits.
 15355 | Lair:6   | Reached XP level 14. HP: 114/130 MP: 18/18
 15470 | Lair:6   | Found a runed translucent gate.
 15471 | Lair:6   | Found a runed translucent gate.
 15473 | Lair:6   | Noticed Tiraropn's ghost (journeyman DrFE)
 16070 | Lair:6   | Reached skill level 15 in Unarmed Combat
 16073 | Lair:6   | Found a burning altar of Makhleb.
 16144 | Lair:6   | Reached skill level 5 in Throwing
 16245 | Lair:6   | Found a gateway to Hell.
 16305 | Lair:6   | Received a gift from Okawaru
 16310 | Lair:6   | Reached skill level 5 in Armour
 16362 | Lair:6   | Received a gift from Okawaru
 16537 | Lair:6   | Received a gift from Okawaru
 17593 | D:11     | Noticed Nergalle
 17603 | D:11     | Killed Nergalle
 17861 | D:11     | Found a portal to a secret trove of treasure.
 18008 | D:12     | Noticed Fannar
 18156 | D:11     | Killed Fannar
 18688 | D:12     | Found Apsotic's Armour Boutique.
 18801 | D:13     | Found a shimmering altar of Xom.
 19125 | D:13     | Received a gift from Okawaru
 19161 | D:13     | Noticed an ironheart preserver
 19180 | D:13     | Killed an ironheart preserver
 19315 | D:13     | Found a gate to the Vaults.
 19452 | D:13     | Found a runed translucent door.
 19703 | D:13     | Reached XP level 15. HP: 125/136 MP: 19/19
 20423 | D:13     | Noticed a tengu reaver
 20433 | D:13     | Killed a tengu reaver
 20511 | D:14     | Noticed Louise
 20531 | D:14     | Killed Louise
 20531 | D:14     | Received a gift from Okawaru
 20614 | D:14     | Found a runed translucent gate.
 20614 | D:14     | Found a runed translucent gate.
 20615 | D:14     | Found a runed translucent gate.
 20615 | D:14     | Noticed Volibb's ghost (journeyman HONe)
 20710 | D:14     | Noticed Frances
 20723 | D:14     | Mangled by Frances

Levels and vault maps discovered:
D:1:      saegor_arrival_simple_a, layout_basic, fountainhead
D:2:      cheibrodos_helix_gallery, layout_rooms,
          nicolae_dithmenos_shadow_blocks, dancing_weapons_uskayaw,
          nicolae_qazlal_eye_of_the_storm, tgw_trog, kennysheep_generic_room_14
D:3:      layout_loops_corners, led_sif_book, okawaru_trees_2,
          minmay_strange_pillars, uniq_ijyb
D:4:      layout_basic
D:5:      layout_rooms, lemuel_zombie_altar_kikubaaqudgha, serial_undead,
          serial_undead_c, serial_undead_d, serial_undead_f, serial_undead_d,
          serial_undead_c, serial_undead_f, serial_undead_e, first_ration,
          kennysheep_generic_room_5, uniq_grinder
D:6:      minmay_skewed_foursquare, layout_layer_cave, minmay_joined_circles
D:7:      layout_loops_corners, lemuel_crystal_altar,
          minmay_temple_entry_antechambers, serial_shops, shop_statue,
          grunt_ogre_cave, minmay_guarded_unrand_finisher
D:8:      layout_rooms, grunt_decor_arrowhead, grunt_gozag_breadcrumbs,
          uniq_pikel, uniq_prince_ribbit1, uniq_psyche
D:9:      layout_gridville, minmay_lair_entry_grove, xom_teletrap_fun
D:10:     cheibrodos_breeding_chamber, layout_small_grid, orc_0_dummy,
          basic_altar, uniq_maurice
D:11:     layout_loops_cross, enter_trove_6, minmay_unpleasant_kobolds,
          uniq_nergalle
D:12:     layout_big_octagon, serial_shops, nicolae_shop_behind_doors,
          uniq_fannar
D:13:     layout_basic, skrybe_vaults_entry_preservation, basic_altar,
          minivault_13
D:14:     layout_loops_cross, gammafunk_ghost_hydra_chop,
          hangedman_decor_slide_cut, uniq_louise, uniq_frances, uniq_azrael
Lair:1:   layout_cave_shapes, cheibrodos_lair_reptile_den
Lair:2:   layout_regular_city, minivault_11, grunt_megastairs_4
Lair:3:   layout_regular_city, patterned_corridor
Lair:4:   layout_concentric_octagons, minmay_shoals_entry_beasts,
          guppyfry_snake_entry_island, chequers_serial_rivers_room_a,
          minmay_lair_oklob_items, grunt_megastairs_3
Lair:5:   layout_regular_city, minmay_lair_oklob_chamber
Lair:6:   evil_forest, layout_big_grid, slime_altar_1,
          maelrawn_ghost_gauntlet_escape

Skill      XL: |  1  2  3  4  5  6  7  8  9 10 11 12 13 14 |
---------------+-------------------------------------------+-----
Unarmed Combat | 4 5 6 7 8 10 12 13 14 15 | 15.8
Dodging        | 3 4 6 8 9 |  9.0
Fighting       | 3 5 |  5.0
Invocations    | 1 3 5 6 7 |  7.0
Armour         | 3 4 6 |  6.8
Shields        | 6 9 10 11 | 11.3
Throwing       | 3 7 |  7.1
Stealth        | |  1.0

Action                   |  1- 3 |  4- 6 |  7- 9 | 10-12 | 13-15 || total
-------------------------+-------+-------+-------+-------+-------++-------
Melee: Unarmed           |    82 |   158 |   334 |   542 |   960 ||  2076
       Punch             |     1 |     4 |    19 |    34 |       ||    58
       Bite              |       |       |       |       |   111 ||   111
Throw: Javelin           |       |       |       |       |     8 ||     8
Invok: Heroism           |       |       |     2 |    11 |    12 ||    25
       Finesse           |       |       |       |     3 |     2 ||     5
 Abil: Evoke Flight      |       |     1 |       |       |       ||     1
Evoke: Wand              |       |       |     1 |       |     1 ||     2
  Use: Scroll            |       |     4 |     4 |    11 |    10 ||    29
       Potion            |       |       |       |     7 |     3 ||    10
 Stab: Sleeping          |     1 |     9 |     3 |       |     2 ||    15
       Distracted        |       |       |       |     1 |       ||     1
  Eat: Chunk             |    11 |    17 |    33 |    57 |    83 ||   201
Armor: Robe              |    15 |    50 |    82 |    71 |   115 ||   333
       Skin              |       |     1 |       |     2 |       ||     3
Dodge: Dodged            |    49 |    98 |   173 |   250 |   387 ||   957
       Deflected         |       |       |       |       |    12 ||    12
Block: Shield            |       |       |       |    67 |   567 ||   634
       Reflection        |       |       |       |       |    29 ||    29
       Large shield      |       |       |       |       |    17 ||    17

Table legend:
 A = Non-vault XP
 B = Vault XP
 C = Vault XP percentage of total XP
 D = Non-vault monster count
 E = Vault monster count
 F = Vault count percentage of total count
                 A         B        C        D         E       F
            +---------+---------+-------+---------+---------+-------
      Total |   72665 |   38903 |  34.9 |     492 |     144 |  22.6
            +---------+---------+-------+---------+---------+-------
        D:1 |      24 |       0 |   0.0 |      15 |       0 |   0.0
        D:2 |     115 |      21 |  15.4 |      30 |       8 |  21.1
        D:3 |     321 |     118 |  26.9 |      29 |       3 |   9.4
        D:4 |     195 |       0 |   0.0 |      11 |       0 |   0.0
        D:5 |     479 |     526 |  52.3 |      13 |      23 |  63.9
        D:6 |    1219 |     344 |  22.0 |      34 |      13 |  27.7
        D:7 |    1354 |    1592 |  54.0 |      24 |       7 |  22.6
        D:8 |    3571 |     773 |  17.8 |      24 |       2 |   7.7
        D:9 |    4728 |    2161 |  31.4 |      37 |      12 |  24.5
       D:10 |    4144 |    6677 |  61.7 |      30 |      10 |  25.0
       D:11 |    3181 |    1854 |  36.8 |      37 |       8 |  17.8
       D:12 |    1962 |       0 |   0.0 |      10 |       0 |   0.0
       D:13 |   10644 |    8670 |  44.9 |      47 |      16 |  25.4
       D:14 |     875 |    1705 |  66.1 |      10 |       1 |   9.1
     Lair:1 |    2699 |     521 |  16.2 |      13 |       2 |  13.3
     Lair:2 |    6382 |     370 |   5.5 |      26 |       1 |   3.7
     Lair:3 |    7933 |       0 |   0.0 |      37 |       0 |   0.0
     Lair:4 |    4548 |    2332 |  33.9 |      15 |       8 |  34.8
     Lair:5 |    5441 |    1246 |  18.6 |      20 |       5 |  20.0
     Lair:6 |   12850 |    9993 |  43.7 |      30 |      25 |  45.5
            +---------+---------+-------+---------+---------+-------
